NCAA
BOSTON COLLEGE EAGLES @ SAINT JOHN'S RED STORM
04/06/2025
 
TOP OF THE 1ST
Boston College Eagles batting - Pitching for Saint John's Red Storm : RHP Eddie Connors
Pitching: RHP Eddie Connors
Batting: RHB Wade Ayers 0-0: Called Strike
0-1: Ball
1-1: Ball
2-1: Ball
3-1: Called Strike
3-2: Base on Balls
Batting: RHB Emory Brooks 0-0: Foul Ball, location: 2F
0-1: Fly out, F8 (Flyball, 8LM)
Batting: LHB Dave Cook 0-0: Swinging Strike
0-1: Ball
1-1: Ball
2-1: Swinging Strike
2-2: Grounds into double play, 4-6-3 (Groundball, 4)
Top of the 1st over - 0 run(s), 0 hit(s), 0 error(s), 0 left on base; Boston College 0 - Saint John's 0
BOTTOM OF THE 1ST
Saint John's Red Storm batting - Pitching for Boston College Eagles : RHP Steve Sousa
Pitching: RHP Steve Sousa
Batting: LHB Félix Costa 0-0: Called Strike
0-1: Foul Ball, location: 2F
0-2: Ball
1-2: Ground out 4-3 (Groundball, 34)
Batting: SHB Frank Kennedy 0-0: Ball
1-0: Ball
2-0: Fly out, F7 (Flyball, 78M)
Batting: LHB António Velásquez 0-0: Ball
1-0: Swinging Strike
1-1: Foul Ball, location: 2F
1-2: Foul Ball, location: 2F
1-2: Foul Ball, location: 2F
1-2: Ball
2-2: Fly out, F7 (Flyball, 7LM)
Bottom of the 1st over - 0 run(s), 0 hit(s), 0 error(s), 0 left on base; Boston College 0 - Saint John's 0
TOP OF THE 2ND
Boston College Eagles batting - Pitching for Saint John's Red Storm : RHP Eddie Connors
Batting: RHB Vernon Sterling 0-0: Ground out 5-3 (Groundball, 56S)
Batting: SHB Felipe Castro 0-0: SOLO HOME RUN (Line Drive, 9LD), Distance : 332 ft
Batting: RHB Dennis House 0-0: SINGLE (Line Drive, 34D)
Batting: LHB Greg Hyde 0-0: Ball
1-0: Ball
2-0: Called Strike
2-1: Ball
3-1: Foul Ball, location: 2F
3-2: Fly out, F8 (Flyball, 78M)
Batting: RHB Jesús Morales 0-0: Fly out, F3 (Popup, 3S)
Top of the 2nd over - 1 run(s), 2 hit(s), 0 error(s), 1 left on base; Boston College 1 - Saint John's 0
BOTTOM OF THE 2ND
Saint John's Red Storm batting - Pitching for Boston College Eagles : RHP Steve Sousa
Batting: RHB Ed Merritt 0-0: Ball
1-0: Ball
2-0: Foul Ball, location: 2F
2-1: Swinging Strike
2-2: Ball
3-2: Fly out, F9 (Flyball, 89S)
Batting: RHB Miguel Hernández 0-0: Ball
1-0: Ball
2-0: Ball
3-0: Base on Balls
Batting: RHB José Maldonado 0-0: Ball
1-0: Ball
2-0: Ball
3-0: Called Strike
3-1: Called Strike
3-2: Fly out, F8 (Flyball, 8LM)
Batting: RHB Jeffery Evans 0-0: Called Strike
0-1: Ball
1-1: SINGLE (Groundball, 4MD)
Miguel Hernández to second
Batting: SHB Ray O'Dell 0-0: Swinging Strike
0-1: Foul Ball, location: 2F
0-2: Ball
1-2: Strikes out looking
Bottom of the 2nd over - 0 run(s), 1 hit(s), 0 error(s), 2 left on base; Boston College 1 - Saint John's 0
TOP OF THE 3RD
Boston College Eagles batting - Pitching for Saint John's Red Storm : RHP Eddie Connors
Batting: RHB Theodore Burns 0-0: Called Strike
0-1: Called Strike
0-2: Ball
1-2: Ball
2-2: Strikes out swinging
Batting: RHB Wade Ayers 0-0: Ball
1-0: Called Strike
1-1: Swinging Strike
1-2: Ball
2-2: Foul Ball, location: 2F
2-2: Strikes out looking
Batting: RHB Emory Brooks 0-0: Ball
1-0: Ball
2-0: Ground out 1-3 (Groundball, 13S)
Top of the 3rd over - 0 run(s), 0 hit(s), 0 error(s), 0 left on base; Boston College 1 - Saint John's 0
BOTTOM OF THE 3RD
Saint John's Red Storm batting - Pitching for Boston College Eagles : RHP Steve Sousa
Batting: SHB Jim Ramsey 0-0: Ball
1-0: Foul Ball, location: 2F
1-1: Foul Ball, location: 2F
1-2: Strikes out swinging
Batting: LHB Félix Costa 0-0: Swinging Strike
0-1: Ball
1-1: Ground out 6-3 (Groundball, 6)
Batting: SHB Frank Kennedy 0-0: Ball
1-0: Called Strike
1-1: Ball
2-1: SINGLE (Popup, 56D)
Batting: LHB António Velásquez 0-0: Called Strike
0-1: Ball
1-1: Ball
2-1: Foul Ball, location: 2F
2-2: Strikes out swinging
Bottom of the 3rd over - 0 run(s), 1 hit(s), 0 error(s), 1 left on base; Boston College 1 - Saint John's 0
TOP OF THE 4TH
Boston College Eagles batting - Pitching for Saint John's Red Storm : RHP Eddie Connors
Batting: LHB Dave Cook 0-0: Foul Ball, location: 2F
0-1: Ball
1-1: Called Strike
1-2: SINGLE (Line Drive, 4D)
Batting: RHB Vernon Sterling 0-0: Grounds into double play, 4-6-3 (Groundball, 4)
Batting: SHB Felipe Castro 0-0: Ball
1-0: Called Strike
1-1: Ball
2-1: Ball
3-1: Fly out, F9 (Flyball, 89M)
Top of the 4th over - 0 run(s), 1 hit(s), 0 error(s), 0 left on base; Boston College 1 - Saint John's 0
BOTTOM OF THE 4TH
Saint John's Red Storm batting - Pitching for Boston College Eagles : RHP Steve Sousa
Batting: RHB Ed Merritt 0-0: Ground out 6-3 (Groundball, 6)
Batting: RHB Miguel Hernández 0-0: Swinging Strike
0-1: Ball
1-1: Foul Ball, location: 2F
1-2: Ball
2-2: Strikes out swinging
Batting: RHB José Maldonado 0-0: Ball
1-0: Foul Ball, location: 2F
1-1: Foul Ball, location: 2F
1-2: Foul Ball, location: 2F
1-2: Ball
2-2: Ball
3-2: Base on Balls
Batting: RHB Jeffery Evans 0-0: Ball
1-0: Ball
2-0: Swinging Strike
2-1: Ball
3-1: Foul Ball, location: 2F
3-2: Base on Balls
José Maldonado to second
Batting: SHB Ray O'Dell 0-0: Ball
1-0: Ground out 2-3 (Groundball, 2L)
Bottom of the 4th over - 0 run(s), 0 hit(s), 0 error(s), 2 left on base; Boston College 1 - Saint John's 0
TOP OF THE 5TH
Boston College Eagles batting - Pitching for Saint John's Red Storm : RHP Eddie Connors
Batting: RHB Dennis House 0-0: Ball
1-0: SINGLE (Groundball, 56D)
Batting: LHB Greg Hyde Balk!
Dennis House to second
0-0: Ball
1-0: Called Strike
1-1: Fly out, F5 (Popup, 5SF)
Batting: RHB Jesús Morales 0-0: Fly out, F7 (Line Drive, 7M)
Batting: RHB Theodore Burns 0-0: Ball
1-0: Ground out 1-3 (Groundball, 15S)
Top of the 5th over - 0 run(s), 1 hit(s), 0 error(s), 1 left on base; Boston College 1 - Saint John's 0
BOTTOM OF THE 5TH
Saint John's Red Storm batting - Pitching for Boston College Eagles : RHP Steve Sousa
Batting: SHB Jim Ramsey 0-0: Called Strike
0-1: Fly out, F7 (Flyball, 7M)
Batting: LHB Félix Costa 0-0: Called Strike
0-1: Ground out 4-3 (Groundball, 4)
Batting: SHB Frank Kennedy 0-0: Ball
1-0: Swinging Strike
1-1: Foul Ball, location: 2F
1-2: Strikes out looking
Bottom of the 5th over - 0 run(s), 0 hit(s), 0 error(s), 0 left on base; Boston College 1 - Saint John's 0
TOP OF THE 6TH
Boston College Eagles batting - Pitching for Saint John's Red Storm : RHP Eddie Connors
Batting: RHB Wade Ayers 0-0: Ball
1-0: Foul Ball, location: 2F
1-1: Foul Ball, location: 2F
1-2: Ball
2-2: Ball
3-2: Ground out 6-3 (Groundball, 6M)
Batting: RHB Emory Brooks 0-0: Ball
1-0: Foul Ball, location: 2F
1-1: Swinging Strike
1-2: Strikes out swinging
Batting: LHB Dave Cook 0-0: Ball
1-0: Ball
2-0: Ball
3-0: Base on Balls
Batting: RHB Vernon Sterling 0-0: Swinging Strike
0-1: Called Strike
0-2: Ball
1-2: Strikes out swinging
Top of the 6th over - 0 run(s), 0 hit(s), 0 error(s), 1 left on base; Boston College 1 - Saint John's 0
BOTTOM OF THE 6TH
Saint John's Red Storm batting - Pitching for Boston College Eagles : RHP Steve Sousa
Pitching: LHP Bennett White
Batting: LHB António Velásquez 0-0: Called Strike
0-1: Ball
1-1: Ground out 4-3 (Groundball, 4)
Batting: RHB Ed Merritt 0-0: Ball
1-0: Foul Ball, location: 2F
1-1: Ball
2-1: Foul Ball, location: 2F
2-2: Fly out, F8 (Flyball, 8RM)
Batting: RHB Miguel Hernández 0-0: Fly out, F9 (Flyball, 9LM)
Bottom of the 6th over - 0 run(s), 0 hit(s), 0 error(s), 0 left on base; Boston College 1 - Saint John's 0
TOP OF THE 7TH
Boston College Eagles batting - Pitching for Saint John's Red Storm : RHP Eddie Connors
Batting: SHB Felipe Castro 0-0: DOUBLE (Line Drive, 89M)
Batting: RHB Dennis House 0-0: Intentional Walk
Batting: LHB Greg Hyde 0-0: Ball
1-0: Foul Ball, location: 2F
1-1: Foul Ball, location: 2F
1-2: Ground out U3 (Groundball, 3S)
Felipe Castro to third
Dennis House to second
Batting: RHB Jesús Morales 0-0: Intentional Walk
Pitching: RHP Dan Rodríguez
Batting: RHB Theodore Burns 0-0: Called Strike
0-1: Ball
1-1: Swinging Strike
1-2: Ball
2-2: Strikes out swinging
Batting: RHB Wade Ayers 0-0: Foul Ball, location: 2F
0-1: SINGLE (Line Drive, 9S)
Felipe Castro scores
Dennis House to third
Jesús Morales to second
Runner from 3rd tries for Home, SAFE, no throw or cutoff
Batting: RHB Emory Brooks 0-0: Ball
1-0: Reached on error, E6 (Groundball, 6M)
Jesús Morales to third
Wade Ayers to second
Batting: LHB Dave Cook 0-0: Foul Ball, location: 2F
0-1: Ball
1-1: Ground out U3 (Groundball, 3L)
Top of the 7th over - 2 run(s), 2 hit(s), 1 error(s), 3 left on base; Boston College 3 - Saint John's 0
BOTTOM OF THE 7TH
Saint John's Red Storm batting - Pitching for Boston College Eagles : LHP Bennett White
Batting: RHB José Maldonado 0-0: Ball
1-0: Ball
2-0: Ground out 2-3 (Groundball, 2L)
Batting: RHB Jeffery Evans 0-0: Ball
1-0: Swinging Strike
1-1: Fly out, F9 (Flyball, 9LM)
Batting: SHB Ray O'Dell 0-0: Ground out 6-3 (Groundball, 6)
Bottom of the 7th over - 0 run(s), 0 hit(s), 0 error(s), 0 left on base; Boston College 3 - Saint John's 0
TOP OF THE 8TH
Boston College Eagles batting - Pitching for Saint John's Red Storm : RHP Dan Rodríguez
Batting: RHB Vernon Sterling 0-0: Ball
1-0: Fly out, F8 (Flyball, 8RS)
Batting: SHB Felipe Castro 0-0: Ball
1-0: Called Strike
1-1: Ball
2-1: Ground out 6-3 (Groundball, 6M)
Batting: RHB Dennis House 0-0: Ball
1-0: Foul Ball, location: 2F
1-1: Ball
2-1: Foul Ball, location: 2F
2-2: Foul Ball, location: 2F
2-2: Ground out 4-3 (Groundball, 4)
Top of the 8th over - 0 run(s), 0 hit(s), 0 error(s), 0 left on base; Boston College 3 - Saint John's 0
BOTTOM OF THE 8TH
Saint John's Red Storm batting - Pitching for Boston College Eagles : LHP Bennett White
Pitching: LHP Tony McCullough
Now at SS: Will Stafford
Batting: SHB Jim Ramsey 0-0: Ball
1-0: SINGLE (Groundball, 6S)
Batting: LHB Félix Costa 0-0: Swinging Strike
0-1: Ball
1-1: SINGLE (Flyball, 89M)
Jim Ramsey to second
Runner from 2nd tries for 3rd, SAFE, no throw or cutoff
Pitching: RHP Carlos Flores
Batting: SHB Frank Kennedy 0-0: Ball
1-0: Ball
2-0: Foul Ball, location: 2F
2-1: Fly out, F9 (Line Drive, 9M)
Runner from 3rd tags up, SCORES, no throw
Pitching: RHP Millard Lambright
Batting: LHB António Velásquez 0-0: Called Strike
0-1: Ball
1-1: SINGLE (Groundball, 56D)
Félix Costa to second
Batting: RHB Ed Merritt 0-0: Called Strike
0-1: Called Strike
0-2: Ball
1-2: Strikes out swinging
Batting: RHB Miguel Hernández 0-0: Ground out 1-3 (Groundball, 15S)
Bottom of the 8th over - 1 run(s), 3 hit(s), 0 error(s), 2 left on base; Boston College 3 - Saint John's 1
TOP OF THE 9TH
Boston College Eagles batting - Pitching for Saint John's Red Storm : RHP Dan Rodríguez
Batting: LHB Greg Hyde 0-0: Hit by Pitch
Batting: RHB Jesús Morales 0-0: Ball
1-0: Bunted foul
1-1: Sac Bunt - play at first, batter OUT! 5-4
Greg Hyde to second
Batting: RHB Theodore Burns 0-0: Foul Ball, location: 2F
0-1: Ball
1-1: 2-RUN HOME RUN (Flyball, 7D), Distance : 346 ft
Pitching: RHP Chris Brown
Batting: RHB Wade Ayers 0-0: Ball
1-0: Ball
2-0: Ball
3-0: Base on Balls
Batting: RHB Emory Brooks 0-0: Ball
1-0: Ball
2-0: Foul Ball, location: 2F
2-1: Ball
3-1: Base on Balls
Wade Ayers to second
Batting: LHB Dave Cook 0-0: Ball
1-0: Ball
2-0: Ball
3-0: Base on Balls
Wade Ayers to third
Emory Brooks to second
Batting: RHB Vernon Sterling 0-0: Ball
1-0: Fly out, F3 (Popup, 3)
Batting: SHB Felipe Castro 0-0: Ball
1-0: Ball
2-0: Ball
3-0: Called Strike
3-1: Foul Ball, location: 2F
3-2: Ground out 6-3 (Groundball, 6M)
Top of the 9th over - 2 run(s), 1 hit(s), 0 error(s), 3 left on base; Boston College 5 - Saint John's 1
BOTTOM OF THE 9TH
Saint John's Red Storm batting - Pitching for Boston College Eagles : RHP Millard Lambright
Batting: RHB José Maldonado 0-0: Swinging Strike
0-1: Ball
1-1: Ball
2-1: SOLO HOME RUN (Flyball, 7D), Distance : 371 ft
Pitching: RHP Donnie Carpenter
Batting: RHB Jeffery Evans 0-0: Called Strike
0-1: Called Strike
0-2: Strikes out looking
Batting: SHB Ray O'Dell 0-0: Ball
1-0: Ball
2-0: Ball
3-0: Called Strike
3-1: Base on Balls
Batting: SHB Jim Ramsey 0-0: Ball
1-0: Called Strike
1-1: Ball
2-1: SINGLE (Line Drive, 9LS)
Ray O'Dell to second
Batting: LHB Félix Costa 0-0: Foul Ball, location: 2F
0-1: Ball
1-1: Swinging Strike
1-2: Ball
2-2: Strikes out looking
Batting: SHB Frank Kennedy 0-0: Ball
1-0: Foul Ball, location: 2F
1-1: Fly out, F9 (Flyball, 89M)
Bottom of the 9th over - 1 run(s), 2 hit(s), 0 error(s), 2 left on base; Boston College 5 - Saint John's 2
This league is powered by Out of the Park Baseball, the baseball management simulation game for PC, Mac and Linux
Tuesday, August 2nd, 2016 - OOTP Baseball 16.8 Build 38